[Event "December 5 Early 2023"]
[Site "https://www.chess.com"]
[Date "2023.12.05"]
[Round "7"]
[White "Nihal Sarin"]
[Black "Nagare Kaivalya Sandip"]
[Result "0-1"]
[Board "32"]
[TimeControl "180+1"]
[WhiteFideId "25092340"]
[BlackFideId "25957929"]
[WhiteElo "3106"]
[BlackElo "2672"]
[WhiteTeam "IND"]
[BlackTeam "IND"]
[WhiteClock "0:00:31"]
[BlackClock "0:00:57"]

1. e4 e5 2. Nf3 Nc6 3. Bb5 a6 4. Ba4 Nf6 5. d3 b5 6. Bb3 Be7 7. a4 Rb8 8. axb5 axb5 9. Nc3 O-O 10. h3 h6 11. g4 Nd4 12. Nxd4 exd4 13. Ne2 d5 14. Nxd4 Bb7 15. e5 Nd7 16. e6 Nc5 17. exf7+ Rxf7 18. O-O Nxb3 19. cxb3 c5 20. Nf5 d4 21. Bf4 Qd5 22. f3 Rbf8 23. Qe2 Bd8 24. Rac1 Rxf5 25. gxf5 Qxf5 26. Bg3 Qxh3 27. Qg2 Qf5 28. Bd6 Rf6 29. Rxc5 Qxd3 30. Bg3 Rg6 31. Qh3 Be7 32. Qf5 Rxg3+ 33. Kh2 Qxf5 34. Rxf5 Rg5 35. Rxg5 Bxg5 36. f4 Bf6 37. Rd1 Bd5 38. b4 Kf7 39. Kg3 Ke6 40. Rc1 Bc4 41. Kf2 Kd5 42. Kf3 d3 43. b3 Bxb3 44. Ke3 Bc2 45. Rh1 Kc4 46. Rh5 Kxb4 47. Rd5 Kc4 48. Rd7 b4 49. Rc7+ Kb3 50. Rc6 Kb2 51. Kd2 Bc3+ 52. Ke3 d2 0-1

[Event "December 5 Early 2023"]
[Site "https://www.chess.com"]
[Date "2023.12.05"]
[Round "7"]
[White "Tasev, Dejan"]
[Black "Xiong, Jeffery"]
[Result "0-1"]
[Board "33"]
[TimeControl "180+1"]
[WhiteFideId "936618"]
[BlackFideId "2047640"]
[WhiteElo "2669"]
[BlackElo "2994"]
[WhiteTeam "SRB"]
[BlackTeam "USA"]
[WhiteClock "0:00:00"]
[BlackClock "0:01:36"]

1. e4 c6 2. d4 d5 3. Nc3 dxe4 4. Nxe4 Nf6 5. Nxf6+ exf6 6. c3 Bd6 7. Bd3 O-O 8. Qc2 Re8+ 9. Ne2 h5 10. h3 Nd7 11. O-O Nf8 12. Bd2 Be6 13. Rae1 Rc8 14. f4 Bb8 15. c4 b5 16. b3 a6 17. f5 Bd7 18. c5 h4 19. Bf4 Qa5 20. Bd2 Qc7 21. Bf4 Qa5 22. Bd2 Qc7 23. Bf4 Qd8 24. Bxb8 Rxb8 25. Nf4 Rxe1 26. Rxe1 Qa5 27. Qf2 Qc3 28. Re7 Re8 29. Rxe8 Bxe8 30. Kh2 Nh7 31. Be4 Ng5 32. Bd3 Bd7 33. Nh5 Qxd3 34. Qf4 Qxf5 35. Qb8+ Kh7 36. Qf8 Nf3+ 37. gxf3 Qxh5 0-1

[Event "December 5 Early 2023"]
[Site "https://www.chess.com"]
[Date "2023.12.05"]
[Round "7"]
[White "Galchenko, Matvey"]
[Black "Feuerstack, Aljoscha"]
[Result "0-1"]
[Board "34"]
[TimeControl "180+1"]
[WhiteFideId "24175480"]
[BlackFideId "4681932"]
[WhiteElo "2941"]
[BlackElo "2664"]
[WhiteTeam "FID"]
[BlackTeam "GER"]
[WhiteClock "0:00:04"]
[BlackClock "0:00:19"]

1. e4 c6 2. d4 d5 3. e5 a6 4. a3 Bf5 5. g4 Be4 6. f3 Bg6 7. h4 h5 8. e6 Qd6 9. exf7+ Bxf7 10. Ne2 Nd7 11. Nbc3 e5 12. Bg2 O-O-O 13. dxe5 Nxe5 14. Bf4 Ne7 15. Qd2 N7g6 16. Bg3 Be7 17. g5 Rhe8 18. O-O-O Qc5 19. Qd4 Qa5 20. Bxe5 Bc5 21. Qa4 Qxa4 22. Nxa4 Be3+ 23. Kb1 Nxe5 24. Rhf1 Bg6 25. f4 Nc4 26. f5 Bf7 27. Ka1 Bxg5 28. hxg5 Rxe2 29. Bf3 Rxc2 30. g6 Bg8 31. Bxh5 Ne3 32. Rc1 d4 33. Rxc2 Nxc2+ 34. Kb1 d3 35. Nc3 Ne3 36. Rf3 Nc4 37. Rg3 d2 38. Bd1 Nd6 39. Kc2 Nxf5 40. Bg4 Be6 41. Bxf5 Bxf5+ 42. Kd1 Rd6 43. Rg2 Bxg6 44. Rg5 Kc7 45. a4 b5 46. a5 b4 47. Ne2 Bc2+ 48. Kxc2 d1=Q# 0-1

[Event "December 5 Early 2023"]
[Site "https://www.chess.com"]
[Date "2023.12.05"]
[Round "7"]
[White "Vlassov, Nikolai"]
[Black "Svane, Rasmus"]
[Result "0-1"]
[Board "35"]
[TimeControl "180+1"]
[WhiteFideId "4103360"]
[BlackFideId "4657101"]
[WhiteElo "2663"]
[BlackElo "2926"]
[WhiteTeam "FID"]
[BlackTeam "GER"]
[WhiteClock "0:00:02"]
[BlackClock "0:00:12"]

1. e4 c6 2. d4 d5 3. f3 e6 4. Nc3 Bb4 5. Bf4 Nd7 6. e5 f6 7. Bd3 fxe5 8. dxe5 Nh6 9. Bxh6 Qh4+ 10. g3 Qxh6 11. f4 g5 12. Qg4 gxf4 13. gxf4 Nc5 14. O-O-O Bxc3 15. bxc3 Bd7 16. Ne2 O-O-O 17. Rdg1 Qf8 18. Qg7 Nxd3+ 19. cxd3 Qa3+ 20. Kb1 c5 21. Qe7 Rhe8 22. Qxh7 d4 23. cxd4 Bc6 24. h4 Bxh1 25. Rxh1 cxd4 26. h5 Rd5 27. Rc1+ Rc5 28. h6 Kb8 29. Rxc5 Qxc5 30. Qd7 Qb4+ 31. Kc2 Rc8+ 32. Qxc8+ Kxc8 33. h7 Qf8 34. Nxd4 Qh8 35. Nxe6 Qxh7 36. Kc3 Qf5 37. Nd4 Qxf4 38. e6 Qe5 39. Kc4 b5+ 40. Nxb5 Qxe6+ 41. Kc5 Qb6+ 42. Kc4 a6 43. Nc3 Kd7 44. d4 Qa5 45. Kb3 Kc6 46. Kc4 Qa3 47. Kd3 a5 48. Kc4 Qb4+ 49. Kd3 a4 50. Kc2 Kd6 51. Kd3 Kc6 52. Ne4 Qb2 53. Kc4 Qxa2+ 54. Kb4 Qb3+ 55. Ka5 Qb5# 0-1

[Event "December 5 Early 2023"]
[Site "https://www.chess.com"]
[Date "2023.12.05"]
[Round "7"]
[White "Kokoszczynski, Jan"]
[Black "Vokhidov, Shamsiddin"]
[Result "0-1"]
[Board "36"]
[TimeControl "180+1"]
[WhiteFideId "1174460"]
[BlackFideId "14204223"]
[WhiteElo "2661"]
[BlackElo "2908"]
[WhiteTeam "POL"]
[BlackTeam "UZB"]
[WhiteClock "0:00:09"]
[BlackClock "0:02:22"]

1. e4 c5 2. Nf3 g6 3. d4 Bg7 4. dxc5 Qa5+ 5. c3 Qxc5 6. Na3 Nf6 7. Nb5 Na6 8. Be3 Qc6 9. e5 Ng4 10. Bd4 O-O 11. h3 Nh6 12. Bd3 Nc5 13. Bxc5 Qxc5 14. Qe2 a6 15. Nbd4 d6 16. exd6 Qxd6 17. O-O Qc7 18. Rad1 e5 19. Nb3 Be6 20. Be4 f5 21. Bd5 Bxd5 22. Rxd5 Nf7 23. Rfd1 Rfd8 24. Qe3 e4 25. Ne1 Ne5 26. Rxd8+ Rxd8 27. Rxd8+ Qxd8 28. Qd4 Nf3+ 29. Nxf3 Bxd4 30. Nfxd4 Qg5 31. Kf1 f4 32. Ne6 Qb5+ 33. Ke1 f3 34. gxf3 exf3 35. Ned4 Qh5 36. Nd2 Qxh3 37. N2xf3 h5 38. Ng5 Qg4 39. Ngf3 h4 40. Kf1 h3 0-1

[Event "December 5 Early 2023"]
[Site "https://www.chess.com"]
[Date "2023.12.05"]
[Round "7"]
[White "Antunez Soler, Luis"]
[Black "Gokerkan, Cem Kaan"]
[Result "0-1"]
[Board "38"]
[TimeControl "180+1"]
[WhiteFideId "3513335"]
[BlackFideId "6336760"]
[WhiteElo "2659"]
[BlackElo "2863"]
[WhiteTeam "CUB"]
[BlackTeam "TUR"]
[WhiteClock "0:00:10"]
[BlackClock "0:01:26"]

1. e4 c5 2. Nf3 d6 3. Bb5+ Nd7 4. d4 a6 5. Bxd7+ Bxd7 6. dxc5 Qa5+ 7. Nc3 Qxc5 8. Be3 Qa5 9. O-O Nf6 10. Nd4 e6 11. f4 Be7 12. f5 e5 13. Nb3 Qc7 14. Bg5 Bc6 15. Qd3 O-O 16. Rad1 Rfd8 17. Qf3 Rac8 18. Kh1 b5 19. a3 a5 20. Rfe1 b4 21. axb4 axb4 22. Bxf6 bxc3 23. Bxe7 Qxe7 24. bxc3 Bb7 25. Rd3 Qh4 26. h3 Qxe1+ 0-1

[Event "December 5 Early 2023"]
[Site "https://www.chess.com"]
[Date "2023.12.05"]
[Round "7"]
[White "Taichman, Ori"]
[Black "Finek, Vaclav"]
[Result "0-1"]
[Board "39"]
[TimeControl "180+1"]
[WhiteFideId "2804069"]
[BlackFideId "23718293"]
[WhiteElo "2644"]
[BlackElo "2840"]
[WhiteTeam "ISR"]
[BlackTeam "CZE"]
[WhiteClock "0:00:32"]
[BlackClock "0:02:24"]

1. e4 c5 2. Nf3 g6 3. d4 cxd4 4. Qxd4 Nf6 5. Nc3 Nc6 6. Qa4 d6 7. e5 dxe5 8. Nxe5 Bd7 9. Nxd7 Qxd7 10. Be3 Bg7 11. Be2 O-O 12. Rd1 Qc8 13. O-O a6 14. Qh4 b5 15. Bh6 Qc7 16. Bf3 Rad8 17. Bf4 Qc8 18. Rfe1 Nd4 19. Rxe7 Nf5 20. Rxd8 Qxd8 0-1

[Event "December 5 Early 2023"]
[Site "https://www.chess.com"]
[Date "2023.12.05"]
[Round "7"]
[White "Vakhlamov, Igor L."]
[Black "Renjith, Sravan"]
[Result "1-0"]
[Board "40"]
[TimeControl "180+1"]
[WhiteFideId "24126748"]
[BlackFideId "4306783"]
[WhiteElo "2832"]
[BlackElo "2636"]
[WhiteTeam "RUS"]
[BlackTeam "NZL"]
[WhiteClock "0:00:45"]
[BlackClock "0:00:13"]

1. e4 e5 2. Nf3 Nf6 3. Nc3 Nc6 4. Bb5 Bc5 5. O-O O-O 6. Nxe5 Nxe5 7. d4 Bd6 8. f4 Ng6 9. e5 c6 10. Bd3 Bc7 11. exf6 Qxf6 12. Ne2 d5 13. f5 Ne7 14. c3 Nxf5 15. Ng3 Bxg3 16. hxg3 h5 17. Qxh5 g6 18. Qf3 Qe7 19. Bf4 Be6 20. Rae1 Rae8 21. g4 Ng7 22. Qg3 Rd8 23. Bc7 Rd7 24. Be5 Qg5 25. Be2 f5 26. Bf4 Qf6 27. g5 Qf7 28. Qh4 Re7 29. Bf3 Rfe8 30. Re5 Bc8 31. Kf2 Rxe5 32. Bxe5 Kf8 33. Qh8+ Qg8 34. Bxg7+ 1-0

[Event "December 5 Early 2023"]
[Site "https://www.chess.com"]
[Date "2023.12.05"]
[Round "7"]
[White "Javakhadze, Zurab"]
[Black "Narva, Mai"]
[Result "1-0"]
[Board "41"]
[TimeControl "180+1"]
[WhiteFideId "13603647"]
[BlackFideId "4500512"]
[WhiteElo "2832"]
[BlackElo "2633"]
[WhiteTeam "GEO"]
[BlackTeam "EST"]
[WhiteClock "0:00:09"]
[BlackClock "0:00:00"]

1. d4 Nf6 2. c4 e6 3. Nf3 c5 4. d5 d6 5. Nc3 exd5 6. cxd5 g6 7. Nd2 Bg7 8. e4 O-O 9. Be2 Na6 10. O-O Nc7 11. a4 Rb8 12. Nc4 Re8 13. Bf3 a6 14. Bf4 Bf8 15. Re1 b5 16. axb5 axb5 17. Nxd6 Bxd6 18. e5 Bxe5 19. Bxe5 Rxe5 20. Rxe5 Qd6 21. Re1 Bf5 22. g4 Bd7 23. g5 b4 24. gxf6 bxc3 25. bxc3 Qxf6 26. Ra7 Qd6 27. c4 Ne8 28. Qe2 Nf6 29. Qe5 Qb6 30. Ra6 Qxa6 31. Qxb8+ Kg7 32. Qf4 Qa5 33. Re7 Qa1+ 34. Kg2 h5 35. d6 Bf5 36. Bd5 Qc3 37. Rxf7+ 1-0

[Event "December 5 Early 2023"]
[Site "https://www.chess.com"]
[Date "2023.12.05"]
[Round "7"]
[White "Gharibyan, Mamikon"]
[Black "Bodnar, Nikolay"]
[Result "1/2-1/2"]
[Board "42"]
[TimeControl "180+1"]
[WhiteFideId "13308300"]
[BlackFideId "14106469"]
[WhiteElo "2820"]
[BlackElo "2631"]
[WhiteTeam "ARM"]
[BlackTeam "UKR"]
[WhiteClock "0:00:20"]
[BlackClock "0:01:01"]

1. e4 c5 2. Nf3 Nc6 3. Bb5 d6 4. c3 Nf6 5. Qe2 Bd7 6. O-O a6 7. Ba4 b5 8. Bc2 Bg4 9. h3 Bxf3 10. Qxf3 g6 11. a4 Rb8 12. axb5 axb5 13. Qe2 Bg7 14. Na3 b4 15. Nc4 O-O 16. Re1 Nd7 17. Ne3 Ra8 18. Rxa8 Qxa8 19. f4 Qa7 20. Qb5 Qb6 21. Ba4 Qxb5 22. Bxb5 Rc8 23. Nd5 Kf8 24. Bxc6 Rxc6 25. cxb4 e6 26. b5 Rc8 27. Nc3 Rb8 28. d3 Ke7 29. Bd2 Bxc3 30. bxc3 Rxb5 31. Kf2 c4 32. dxc4 Rc5 33. Ke3 Rxc4 34. Kd3 Ra4 35. Be3 Ra5 36. Rb1 Nc5+ 37. Bxc5 Rxc5 38. Rb7+ Ke8 39. g4 h5 40. Kd4 hxg4 41. hxg4 g5 42. f5 e5+ 43. Kd3 f6 44. Rb6 Ke7 45. Rb7+ Ke8 46. Rb6 Ke7 47. Rb7+ Ke8 1/2-1/2

[Event "December 5 Early 2023"]
[Site "https://www.chess.com"]
[Date "2023.12.05"]
[Round "7"]
[White "Gimenez Aguirre, Alejo Ismael"]
[Black "BestStelker"]
[Result "0-1"]
[Board "43"]
[TimeControl "180+1"]
[WhiteFideId "32041667"]
[WhiteElo "2630"]
[BlackElo "2817"]
[WhiteTeam "ARG"]
[WhiteClock "0:00:00"]
[BlackClock "0:00:04"]

1. e4 e6 2. d4 d5 3. exd5 exd5 4. Nf3 Nf6 5. c4 dxc4 6. Bxc4 Bd6 7. O-O O-O 8. h3 Nc6 9. Nc3 h6 10. Re1 Bf5 11. b3 Re8 12. Rxe8+ Qxe8 13. Bb2 Rd8 14. Qf1 Qd7 15. Re1 Re8 16. Nb5 Rxe1 17. Qxe1 Bb4 18. Qe2 a6 19. Nc3 Bxc3 20. Bxc3 Nd5 21. Bb2 b5 22. Bxd5 Qxd5 23. Qe8+ Kh7 24. Ne5 Nxe5 25. Qxe5 Qxe5 26. dxe5 Be6 27. Kf1 Kg6 28. Ke2 Kf5 29. Ke3 h5 30. f3 h4 31. f4 c5 32. Ba3 b4 33. Bc1 a5 34. Kf2 Ke4 35. Ke2 c4 36. bxc4 Bxc4+ 37. Kd2 Bxa2 38. Kc2 Bd5 39. Bd2 Kd4 40. Be1 Bxg2 41. Bxh4 Bxh3 42. Be7 Kc4 43. Bf8 g6 44. Kb2 a4 45. Kc2 a3 46. Kb1 Bf5+ 47. Ka2 Kb5 48. Be7 Ka4 49. Ka1 b3 50. Bc5 b2+ 0-1

[Event "December 5 Early 2023"]
[Site "https://www.chess.com"]
[Date "2023.12.05"]
[Round "7"]
[White "Hayrapetyan, Hovik"]
[Black "Skliarov, Viktor"]
[Result "1-0"]
[Board "44"]
[TimeControl "180+1"]
[WhiteFideId "13302639"]
[BlackFideId "14106736"]
[WhiteElo "2815"]
[BlackElo "2629"]
[WhiteTeam "ARM"]
[BlackTeam "UKR"]
[WhiteClock "0:00:41"]
[BlackClock "0:00:02"]

1. d4 Nf6 2. c4 e6 3. Nc3 Bb4 4. e3 b6 5. Bd3 Bb7 6. Nf3 Ne4 7. O-O f5 8. Qc2 Bxc3 9. bxc3 O-O 10. Nd2 Qh4 11. g3 Nxd2 12. Bxd2 Qg4 13. f4 d6 14. e4 Nd7 15. Rae1 Nf6 16. exf5 Qh3 17. Bc1 exf5 18. Bxf5 Ng4 19. Be6+ Kh8 20. d5 Bc8 21. Qg2 Qxg2+ 22. Kxg2 Nh6 23. f5 Nxf5 24. Rxf5 Rxf5 25. Bxf5 Bxf5 26. Re7 Rc8 27. Be3 Bd3 28. Bd4 Bxc4 29. Rxg7 Bxd5+ 30. Kg1 c5 31. Rc7+ cxd4 32. Rxc8+ Kg7 33. cxd4 a5 34. a3 b5 35. Rd8 b4 36. axb4 axb4 37. Rxd6 Bf7 38. Rb6 b3 39. Kf2 1-0

[Event "December 5 Early 2023"]
[Site "https://www.chess.com"]
[Date "2023.12.05"]
[Round "7"]
[White "Yeremyan, Alen"]
[Black "Golubev, Mikhail"]
[Result "0-1"]
[Board "45"]
[TimeControl "180+1"]
[WhiteFideId "13308998"]
[BlackFideId "14100983"]
[WhiteElo "2801"]
[BlackElo "2611"]
[WhiteTeam "ARM"]
[BlackTeam "UKR"]
[WhiteClock "0:00:02"]
[BlackClock "0:00:28"]

1. e4 c5 2. Nc3 Nc6 3. Bb5 Nd4 4. Bc4 e6 5. Nge2 Nf6 6. O-O a6 7. a4 d5 8. exd5 exd5 9. Ba2 Nxe2+ 10. Qxe2+ Be7 11. d3 O-O 12. Qf3 Bg4 13. Qg3 Be6 14. Bg5 Qd7 15. Qf3 Rfd8 16. Rae1 b5 17. h3 b4 18. Ne2 Qxa4 19. Bb3 Qd7 20. Nf4 a5 21. Re5 a4 22. Ba2 a3 23. bxa3 Rxa3 24. Bb3 c4 25. Nxe6 fxe6 26. dxc4 dxc4 27. Bc1 cxb3 28. Bxa3 bxa3 29. Qxb3 Nd5 30. c4 Nf4 31. c5 Qc6 32. Qg3 Rf8 33. Kh1 Bxc5 34. Rc1 Bxf2 35. Qxf4 Rxf4 36. Rxc6 Ra4 37. Rec5 Bxc5 0-1

[Event "December 5 Early 2023"]
[Site "https://www.chess.com"]
[Date "2023.12.05"]
[Round "7"]
[White "Martin Fuentes, Alberto"]
[Black "Weetik, Vjacheslav"]
[Result "0-1"]
[Board "46"]
[TimeControl "180+1"]
[WhiteFideId "2292289"]
[BlackFideId "4153472"]
[WhiteElo "2619"]
[BlackElo "2791"]
[WhiteTeam "ESP"]
[BlackTeam "RUS"]
[WhiteClock "0:00:45"]
[BlackClock "0:00:04"]

1. e4 c6 2. Nc3 d5 3. g3 dxe4 4. Nxe4 Nf6 5. Bg2 Nxe4 6. Bxe4 Nd7 7. Ne2 e5 8. O-O Bd6 9. d4 O-O 10. Bg2 Re8 11. Be3 Qc7 12. b3 Nf6 13. h3 Bf5 14. c4 exd4 15. Nxd4 Bg6 16. Qd2 Rad8 17. Rad1 Bc5 18. Qb2 Qb6 19. Nc2 Ne4 20. Bxc5 Qxc5 21. Rxd8 Rxd8 22. Bxe4 Bxe4 23. Ne3 Qh5 24. Kh2 Qf3 25. Qe5 h6 26. Qf4 Rd2 27. Qxf3 Bxf3 28. g4 Rxa2 29. Kg3 Be4 30. Rd1 Rb2 31. Rd4 Bb1 32. c5 Rxb3 33. Rd8+ Kh7 34. h4 a5 35. Ra8 Rb5 36. Nc4 Rxc5 37. Nxa5 b5 38. f3 Rc3 39. Kf4 Bc2 40. Rc8 c5 41. Nb7 b4 42. Nd6 Bd1 43. Ke5 Rxf3 44. Rxc5 b3 45. Rb5 Rg3 46. Nxf7 Rxg4 47. Rb8 Rxh4 48. Kf5 Bc2+ 49. Ke5 Re4+ 50. Kd5 Rf4 51. Rh8+ Kg6 52. Ne5+ Kg5 53. Rg8 g6 54. Rb8 h5 55. Rb7 h4 56. Rb8 Rf2 57. Kd4 Rd2+ 58. Ke3 Rg2 59. Nf3+ Kg4 60. Rh8 g5 61. Rg8 Kh3 62. Nxg5+ Rxg5 63. Rxg5 b2 64. Rb5 b1=Q 65. Rxb1 Bxb1 66. Kf2 Kh2 67. Kf1 h3 68. Kf2 Be4 69. Kf1 Kg3 70. Ke2 h2 71. Ke3 h1=Q 72. Kd4 Ba8 73. Ke5 Qe4+ 74. Kd6 Qd5+ 75. Ke7 Qc6 76. Kf8 Qd7 77. Kg8 Be4 78. Kh8 Qh7# 0-1

[Event "December 5 Early 2023"]
[Site "https://www.chess.com"]
[Date "2023.12.05"]
[Round "7"]
[White "Dragnev, Valentin"]
[Black "Aswath, S"]
[Result "1-0"]
[Board "47"]
[TimeControl "180+1"]
[WhiteFideId "1634852"]
[BlackFideId "46694919"]
[WhiteElo "2790"]
[BlackElo "2610"]
[WhiteTeam "AUT"]
[BlackTeam "IND"]
[WhiteClock "0:00:05"]
[BlackClock "0:00:00"]

1. d4 Nf6 2. Nf3 e6 3. Bf4 b6 4. e3 Bb7 5. Bd3 d6 6. h3 g6 7. O-O Bg7 8. Nbd2 O-O 9. e4 Nbd7 10. c3 e5 11. Bh2 Re8 12. Re1 Nh5 13. Nf1 a6 14. dxe5 dxe5 15. Bc4 Qe7 16. Ne3 c6 17. b4 Rad8 18. Qc2 b5 19. Bb3 Nf4 20. Rad1 h5 21. a3 c5 22. Nd5 Nxd5 23. Bxd5 Bxd5 24. exd5 f5 25. d6 Qf6 26. bxc5 e4 27. c6 exf3 28. Rxe8+ Rxe8 29. cxd7 Rd8 30. c4 Qg5 31. g3 Be5 32. c5 h4 33. Qb3+ Kh7 34. Qxf3 Rxd7 35. Kh1 Bf6 36. gxh4 Qxh4 37. c6 Rf7 38. c7 Qc4 39. Qd5 1-0

[Event "December 5 Early 2023"]
[Site "https://www.chess.com"]
[Date "2023.12.05"]
[Round "7"]
[White "Jaiveer Mahendru"]
[Black "Damjanovic, Vuk"]
[Result "0-1"]
[Board "48"]
[TimeControl "180+1"]
[WhiteFideId "25611151"]
[BlackFideId "980021"]
[WhiteElo "2608"]
[BlackElo "2780"]
[WhiteTeam "IND"]
[BlackTeam "SRB"]
[WhiteClock "0:00:00"]
[BlackClock "0:00:24"]

1. e4 Nc6 2. f4 d5 3. e5 Bf5 4. Nf3 e6 5. d4 h5 6. Bd3 Nge7 7. c3 Qd7 8. Be3 Bxd3 9. Qxd3 Nf5 10. Nbd2 Be7 11. a4 Na5 12. b4 Nc4 13. Bf2 Nxd2 14. Nxd2 f6 15. O-O fxe5 16. dxe5 d4 17. cxd4 Bxb4 18. Nf3 a5 19. Ng5 Qd5 20. Nxe6 Qxe6 21. d5 Qg6 22. Qb5+ c6 23. Qxb7 O-O 24. dxc6 Rab8 25. Qa6 Rbc8 26. Rac1 h4 27. Be1 Ne3 28. Rf2 Bxe1 29. Rxe1 Rxc6 30. Qxa5 Nf5 31. Qd5+ Re6 32. a5 Kh7 33. Ra1 Ne3 34. Qf3 Nf5 35. Qe4 Ra6 36. Rfa2 Rd8 37. Ra3 Rd4 38. Qf3 Rd2 39. R3a2 Nd4 40. Qf1 Ne2+ 41. Kh1 Ng3+ 42. hxg3 hxg3 43. Kg1 Qh6 0-1

[Event "December 5 Early 2023"]
[Site "https://www.chess.com"]
[Date "2023.12.05"]
[Round "7"]
[White "Samunenkov, Ihor"]
[Black "Olenik Campa, Rudi"]
[Result "0-1"]
[Board "49"]
[TimeControl "180+1"]
[WhiteFideId "14187086"]
[BlackFideId "14633264"]
[WhiteElo "2762"]
[BlackElo "2608"]
[WhiteTeam "UKR"]
[BlackTeam "SLO"]
[WhiteClock "0:00:00"]
[BlackClock "0:00:17"]

1. d4 Nf6 2. c4 g6 3. Nc3 Bg7 4. e4 d6 5. h3 c5 6. Nf3 O-O 7. Be3 cxd4 8. Nxd4 Na6 9. Be2 b6 10. O-O Bb7 11. f3 Rc8 12. Rc1 Nh5 13. Qe1 Nc5 14. b4 Ne6 15. Nxe6 fxe6 16. f4 Nf6 17. Bd3 Bh6 18. f5 Bxe3+ 19. Qxe3 gxf5 20. exf5 e5 21. Ne4 Bxe4 22. Bxe4 Qe8 23. g4 Kh8 24. Bg2 Qf7 25. c5 bxc5 26. bxc5 Nd5 27. Qb3 Nf4 28. Qxf7 Rxf7 29. Rc2 Rff8 30. c6 Rc7 31. Bf3 Rfc8 32. Re1 Kg7 33. Kh2 Kf6 34. h4 h6 35. Rb1 d5 36. Rb5 e4 37. Kg3 Nd3 38. Bg2 Rxc6 39. Rxc6+ Rxc6 40. Rxd5 Rc3 41. Kh2 e3 42. Ra5 e2 43. Ra6+ Kg7 44. Rg6+ Kf8 45. Bd5 e6 46. Bxe6 e1=Q 0-1

[Event "December 5 Early 2023"]
[Site "https://www.chess.com"]
[Date "2023.12.05"]
[Round "7"]
[White "Sokolovsky, Yahli"]
[Black "Maltsevskaya, Aleksandra"]
[Result "0-1"]
[Board "50"]
[TimeControl "180+1"]
[WhiteFideId "2820242"]
[BlackFideId "24174041"]
[WhiteElo "2758"]
[BlackElo "2604"]
[WhiteTeam "ISR"]
[BlackTeam "POL"]
[WhiteClock "0:00:00"]
[BlackClock "0:01:13"]

1. b3 Nf6 2. Bb2 g6 3. c4 Bg7 4. g3 d6 5. Bg2 O-O 6. Nf3 e5 7. d3 Nc6 8. O-O a5 9. Nc3 e4 10. Nxe4 Nxe4 11. Bxg7 Nxf2 12. Rxf2 Kxg7 13. Qd2 Qe7 14. Qc3+ f6 15. e4 Bg4 16. d4 Rae8 17. Nd2 Nd8 18. Raf1 c5 19. h3 Bc8 20. dxc5 dxc5 21. Nb1 Nc6 22. Qc1 Qe5 23. Qf4 a4 24. Qxe5 Rxe5 25. Nc3 axb3 26. axb3 Nd4 27. Nd5 f5 28. exf5 Rfxf5 29. Rxf5 Bxf5 0-1

[Event "December 5 Early 2023"]
[Site "https://www.chess.com"]
[Date "2023.12.05"]
[Round "7"]
[White "Fier, Alexandr"]
[Black "Toman, Ondrej"]
[Result "1-0"]
[Board "51"]
[TimeControl "180+1"]
[WhiteFideId "2107139"]
[BlackFideId "344516"]
[WhiteElo "2749"]
[BlackElo "2602"]
[WhiteTeam "BRA"]
[BlackTeam "CZE"]
[WhiteClock "0:01:57"]
[BlackClock "0:00:11"]

1. Nf3 Nf6 2. g3 d5 3. Bg2 Bf5 4. O-O e6 5. d3 Be7 6. Nbd2 h6 7. Qe1 O-O 8. e4 Bh7 9. b3 a5 10. a4 Nc6 11. Bb2 Nb4 12. Rc1 Na2 13. e5 Nd7 14. Ra1 Nb4 15. Qd1 c6 16. Ne1 b5 17. f4 bxa4 18. Rxa4 Nb6 19. Ra1 a4 20. Bd4 c5 21. Bf2 axb3 22. Nxb3 Rxa1 23. Qxa1 c4 24. Nd4 cxd3 25. cxd3 Nxd3 26. Nxd3 Bxd3 27. Nc6 Qc7 28. Nxe7+ Qxe7 29. Rd1 Ra8 30. Qc1 Rc8 31. Qd2 Bc2 32. Rc1 Qc7 33. Rxc2 Qxc2 34. Qxc2 Rxc2 35. Bxb6 Rd2 36. Be3 Re2 37. Bf2 f6 38. exf6 gxf6 39. Kf1 Ra2 40. f5 Kf7 41. fxe6+ Kxe6 42. Be3 h5 43. Bf4 d4 44. h4 f5 45. Bf3 d3 46. Ke1 Rh2 47. Be3 Ra2 48. Bxh5 Ke5 49. Bf3 Rb2 50. h5 Ra2 51. h6 Rh2 52. Kd1 Kf6 53. Bd5 Kg6 54. Bc4 Rg2 55. Bf4 d2 56. Be2 Rh2 57. Kxd2 Rxh6 58. Bxh6 Kxh6 59. Ke3 Kg5 60. Kf3 Kg6 61. Kf4 Kf6 62. Bd3 Kg6 63. Bxf5+ Kh5 64. g4+ Kh6 65. g5+ Kh5 66. g6 Kh6 67. Kg4 Kg7 68. Kg5 Kh8 69. Kh6 Kg8 70. Be6+ Kf8 71. g7+ Ke7 72. g8=Q Kf6 73. Bh3 Ke5 74. Qg5+ Kd6 75. Qf5 Ke7 76. Qe6+ Kf8 77. Qd7 Kg8 78. Qe8# 1-0

[Event "December 5 Early 2023"]
[Site "https://www.chess.com"]
[Date "2023.12.05"]
[Round "7"]
[White "Skatchkov, Valery"]
[Black "Gabrielian, Artur"]
[Result "1-0"]
[Board "52"]
[TimeControl "180+1"]
[WhiteFideId "24195812"]
[BlackFideId "4131002"]
[WhiteElo "2602"]
[BlackElo "2735"]
[WhiteTeam "RUS"]
[BlackTeam "RUS"]
[WhiteClock "0:00:11"]
[BlackClock "0:00:12"]

1. d4 Nf6 2. c4 g6 3. Nc3 Bg7 4. e4 d6 5. h3 O-O 6. Bg5 c5 7. d5 h6 8. Be3 e6 9. Nf3 exd5 10. exd5 Re8 11. Bd3 Rxe3+ 12. fxe3 Nbd7 13. O-O Qe7 14. Qd2 h5 15. Rf2 Bh6 16. Re1 Kg7 17. b3 a6 18. Qb2 Kg8 19. Kh1 b6 20. Ref1 Bg7 21. Ng5 Qxe3 22. Qd2 Qxd2 23. Rxd2 Ne5 24. Bb1 b5 25. Rdf2 Ne8 26. Nxf7 Nxf7 27. Rxf7 Bf5 28. Bxf5 gxf5 29. Rxg7+ Nxg7 30. cxb5 axb5 31. Nxb5 Rxa2 32. Nxd6 Kh7 33. Nxf5 Nxf5 34. Rxf5 Kg6 35. Re5 Rd2 36. d6 Rxd6 37. Rxc5 Rb6 38. Rc3 h4 39. Kg1 Kf5 40. Kf2 Rb4 41. Ke2 Re4+ 42. Re3 Rb4 43. Kd2 Kf4 44. Rf3+ Ke4 45. Kc3 Rb8 46. Rf2 Rc8+ 47. Kb4 Rb8+ 48. Ka3 Ra8+ 49. Kb2 Rg8 50. Rc2 Kd3 51. b4 Rb8 52. Rc3+ Ke2 53. Kb3 Kf2 54. Rc2+ Ke3 55. Rc4 Rg8 56. Rg4 Rxg4 57. hxg4 Kf4 58. b5 Kxg4 59. b6 Kg3 60. b7 Kxg2 61. b8=Q h3 62. Qg8+ Kh1 63. Qd5+ Kg1 64. Qd1+ Kg2 65. Qe2+ Kg1 66. Qg4+ Kh2 67. Kc3 1-0

[Event "December 5 Early 2023"]
[Site "https://www.chess.com"]
[Date "2023.12.05"]
[Round "7"]
[White "Hjartarson, Johann"]
[Black "Atakhan, Abtin"]
[Result "0-1"]
[Board "53"]
[TimeControl "180+1"]
[WhiteFideId "2300044"]
[BlackFideId "22502203"]
[WhiteElo "2600"]
[BlackElo "2734"]
[WhiteTeam "ISL"]
[BlackTeam "IRI"]
[WhiteClock "0:01:04"]
[BlackClock "0:00:54"]

1. c4 Nf6 2. g3 e5 3. Bg2 c6 4. Nf3 e4 5. Nd4 Qb6 6. e3 d5 7. cxd5 cxd5 8. d3 Nc6 9. Nxc6 bxc6 10. dxe4 Nxe4 11. O-O Ba6 12. Re1 Bb4 13. Nd2 O-O 14. Qc2 Nc5 15. Bf1 Bxf1 16. Rxf1 Rab8 17. Nf3 Ne4 18. b3 Bc3 19. Bb2 Bxb2 20. Qxb2 c5 21. Qe5 Rbd8 22. Rac1 Rfe8 23. Qh5 Qf6 24. Rfd1 Qb2 25. Rf1 Qxa2 26. Ra1 Qe2 27. Rxa7 g6 28. Qg4 Nd2 29. Rfa1 Nxf3+ 0-1

[Event "December 5 Early 2023"]
[Site "https://www.chess.com"]
[Date "2023.12.05"]
[Round "7"]
[White "Sahakyan, Aleks"]
[Black "1mbl4"]
[Result "1-0"]
[Board "54"]
[TimeControl "180+1"]
[WhiteFideId "13316338"]
[WhiteElo "2727"]
[BlackElo "2595"]
[WhiteTeam "ARM"]
[WhiteClock "0:00:05"]
[BlackClock "0:00:04"]

1. e4 c5 2. Nf3 Nc6 3. Nc3 g6 4. Bb5 Bg7 5. O-O Nd4 6. Bc4 e6 7. Nxd4 cxd4 8. Ne2 Ne7 9. c3 Nc6 10. d3 dxc3 11. bxc3 O-O 12. d4 d5 13. exd5 exd5 14. Bd3 Be6 15. Nf4 Rc8 16. Re1 Qf6 17. Qb3 Na5 18. Qb5 b6 19. Bd2 Rfd8 20. Re5 Bd7 21. Qa6 Bc6 22. Nxd5 Rxd5 23. Qxc8+ Rd8 24. Qh3 Qd6 25. Re2 Qa3 26. Rae1 Nb7 27. Bg5 Ra8 28. Be4 Bxe4 29. Rxe4 Nd6 30. Be7 Bf8 31. Bxd6 Qxd6 32. Qf3 Rc8 33. Re8 Rc7 34. g3 Kg7 35. Ra8 Be7 36. Re3 Bf6 37. Ree8 h5 38. Rg8+ Kh7 39. Rgc8 Re7 40. Rc6 Re1+ 41. Kg2 Qe7 42. Rxf6 Kg7 43. Rf4 Ra1 44. Re4 Qb7 45. Rae8 Rxa2 46. Re2 Qxf3+ 47. Kxf3 Ra3 48. R2e3 Ra2 49. Rc8 a5 50. Rc7 Rb2 51. Ree7 a4 52. Rxf7+ Kh6 53. h4 g5 54. Rf6# 1-0